 Dungeon Crawl Stone Soup version 0.22-b1-26-g9dbaab1 (webtiles) character file.

165 dvd the Cudgeler (level 5, -1/53 HPs)
             Began as a Troll Berserker on Aug 6, 2018.
             Was a Believer of Trog.
             Slain by a goblin
             ... wielding a +0 club
             ... led by Robin
              (3 damage)
             ... on level 3 of the Dungeon.
             The game lasted 00:05:22 (1684 turns).

dvd the Cudgeler (Troll Berserker)                  Turns: 1684, Time: 00:05:24

Health: -1/53      AC:  5    Str: 25    XL:     5   Next: 21%
Magic:  4/4        EV: 10    Int:  3    God:    Trog [**....]
Gold:   72         SH:  0    Dex: 10    Spells: 4/4 levels left

rFire    . . .     SeeInvis .   a - +0 mace
rCold    . . .     Gourm    +   (no shield)
rNeg     . . .     Faith    .   b - +0 animal skin
rPois    .         Spirit   .   (helmet restricted)
rElec    .         Reflect  .   e - scarf {cloud immunity}
rCorr    .         Harm     .   (gloves unavailable)
MR       ++...                  (boots unavailable)
Stlth    +.........             (no amulet)
HPRegen  1.57/turn              (no ring)
MPRegen  0.09/turn              (no ring)

@: berserk cooldown, regenerating, slowed, very slow
A: large, unfitting armour, claws 3, fast metabolism 3, gourmand, regeneration
1, shaggy fur 1, tough skin 2
a: Berserk, Trog's Hand, Renounce Religion


You were on level 3 of the Dungeon.
You worshipped Trog.
Trog was pleased with you.
You were very full.

You visited 1 branch of the dungeon, and saw 3 of its levels.

You collected 72 gold pieces.

Inventory:

Hand Weapons
 a - a +0 mace (weapon)
 o - a +0 mace
Missiles
 m - a throwing net (quivered)
Armour
 b - a +0 animal skin (worn)
 e - a scarf of cloud immunity (worn)
Scrolls
 f - 2 scrolls of identify {unknown}
 g - a scroll of teleportation {unknown}
 h - 3 scrolls of enchant weapon {unknown}
 i - a scroll of immolation {unknown}
 l - a scroll of magic mapping {unknown}
Potions
 n - a potion of resistance {unknown}
 p - a potion of brilliance {unknown}
Comestibles
 c - 7 rations


   Skills:
 + Level 3.3 Fighting
 + Level 4.2 Maces & Flails
 + Level 3.1 Dodging
 + Level 0.1 Stealth


You had 4 spell levels left.
You didn't know any spells.
Your spell library was empty.

Dungeon Overview and Level Annotations

Branches:
Dungeon (3/15)

Altars:
Kikubaaqudgha
The Shining One

Annotations:
D:3 Robin


Innate Abilities, Weirdness & Mutations

You are too large for most types of armour.
You have claws for hands.
Your metabolism is lightning-fast.
You like to eat raw meat.
Your natural rate of healing is unusually fast.
You are covered in fur. (AC +1)
You have very tough skin. (AC +2)


Message History

You feel better. The goblin hits you with a club!
* * * LOW HITPOINT WARNING * * *
Robin hits you with a spear.
* * * LOW HITPOINT WARNING * * *
The hobgoblin closely misses you.
Unknown command.
You hit Robin.
Robin is severely wounded.
Robin hits you but does no damage. The goblin hits you with a club.
* * * LOW HITPOINT WARNING * * *
The hobgoblin hits you but does no damage.
Robin roars a battlecry!
The goblin hits you but does no damage. The hobgoblin barely misses you.
You hit Robin but do no damage.
Robin is severely wounded.
The goblin no longer looks unusually strong.
The goblin closely misses you. The hobgoblin hits you with a club!
* * * LOW HITPOINT WARNING * * *
Robin hits you but does no damage. The goblin hits you with a club.
You die...

#.........
....$....#####
......$......#
.........#.#.#
.............##
.........#.#..#
.......<.g....#
.........g##).#
.....>..gg@gg.#
.........####.#
.......... #
.........#.
##......g.g.
##..##.g#g#g
.... .#...gg#
... .##$g###


You could see Robin, a hobgoblin and 4 goblins.

Vanquished Creatures
  An orc wizard (D:2)
  4 adders
  3 gnolls (D:2)
  2 worms (D:2)
  2 dart slugs (D:2)
  A leopard gecko (D:2)
  3 orcs (D:2)
  A ball python (D:2)
  3 giant cockroaches
  6 hobgoblins
  3 jackals (D:2)
  9 bats
  4 frilled lizards
  9 goblins
  4 kobolds (D:2)
  5 rats
60 creatures vanquished.

Notes
Turn   | Place    | Note
-------+----------+-------------------------------------------
     0 | D:1      | dvd the Troll Berserker began the quest for the Orb.
     0 | D:1      | Reached XP level 1. HP: 22/22 MP: 0/0
   359 | D:1      | Reached XP level 2. HP: 29/29 MP: 1/1
   472 | D:1      | Reached skill level 3 in Maces & Flails
   762 | D:2      | Reached XP level 3. HP: 35/36 MP: 2/2
   906 | D:2      | Found an ancient bone altar of Kikubaaqudgha.
   930 | D:2      | Reached ** piety under Trog
  1074 | D:2      | Found a faded altar of an unknown god.
  1083 | D:2      | Reached skill level 4 in Maces & Flails
  1083 | D:2      | Reached XP level 4. HP: 44/44 MP: 3/3
  1259 | D:2      | Reached XP level 5. HP: 47/53 MP: 4/4
  1319 | D:2      | Found a glowing golden altar of the Shining One.
  1647 | D:3      | Noticed Robin
  1684 | D:3      | HP: 2/53 [hobgoblin/club[Robin] (9)]
  1684 | D:3      | Slain by a goblin

Skill      XL: |  1  2  3  4 |
---------------+-------------+-----
Maces & Flails | 3 4 |  4.2
Dodging        | 3 |  3.1
Fighting       | 3 |  3.3
Stealth        | |  0.1

Action                   |  1- 3 |  4- 6 || total
-------------------------+-------+-------++-------
Melee: Mace              |    99 |    92 ||   191
Throw: Throwing net      |       |     1 ||     1
Invok: Berserk           |     2 |     1 ||     3
       Trog's Hand       |       |     3 ||     3
  Use: Potion            |       |     2 ||     2
       Scroll            |       |     1 ||     1
  Eat: Chunk             |    17 |     7 ||    24
Armor: Animal skin       |    71 |    46 ||   117
Dodge: Dodged            |    58 |    68 ||   126
